 Dungeon Crawl Stone Soup version 0.21.1-1-g345015fe64 (webtiles) character file.

136 Ivernyr the Vexing (level 5, -5/40 HPs)
             Began as a Gnoll Arcane Marksman on Mar 28, 2018.
             Slain by a centaur (7 damage)
             ... on level 4 of the Dungeon.
             The game lasted 00:25:06 (4324 turns).

Ivernyr the Vexing (Gnoll Arcane Marksman)          Turns: 4324, Time: 00:25:06

Health: -5/40      AC:  5    Str: 12    XL:     5   Next: 19%
Magic:  9/9        EV: 12    Int: 16    God:
Gold:   164        SH:  0    Dex: 16    Spells: 6/10 levels left

rFire    . . .     SeeInvis .   a - +0 falchion
rCold    . . .     Gourm    .   (no shield)
rNeg     . . .     Faith    .   l - +0 ring mail
rPois    .         Spirit   .   (no helmet)
rElec    .         Reflect  .   (no cloak)
rCorr    .         Harm     .   (no gloves)
MR       .....                  (no boots)
Stlth    +.........             (no amulet)
HPRegen  0.13/turn              (no ring)
MPRegen  0.11/turn              (no ring)

@: heavily drained
A: distributed training, fangs 1, strong nose
a: no special abilities


You were on level 4 of the Dungeon.
You were not hungry.

You visited 1 branch of the dungeon, and saw 4 of its levels.

You collected 164 gold pieces.

Inventory:

Hand Weapons
 a - a +0 falchion (weapon)
 q - a +0 dagger
Missiles
 c - 4 javelins (quivered)
 e - 14 poisoned needles
 j - a throwing net
 o - 4 tomahawks
Armour
 l - a +0 ring mail (worn)
Scrolls
 g - 2 scrolls of blinking
 n - 2 scrolls of enchant weapon
 p - 2 scrolls of magic mapping
 u - a scroll of enchant armour {unknown}
Potions
 d - a potion of might {unknown}
 h - a potion of lignification {unknown}
 i - a potion of curing
 k - a potion of haste {unknown}
 m - a potion of mutation {unknown}
 r - 2 potions of degeneration
 t - a potion of agility {unknown}
 w - a potion of heal wounds {unknown}
Books
 b - a book of Debilitation

   Spells                             Type                      Level
   a - Corona                         Hexes                        1
   b - Slow                           Hexes                        2
   c - Inner Flame                    Hexes/Fire                   3
   d - Portal Projectile              Hexes/Translocation          3
   e - Cause Fear                     Hexes                        4
   f - Leda's Liquefaction            Hexes/Earth                  4
Comestibles
 f - 10 rations


   Skills:
 + Level 2.9(1.2) Fighting
 + Level 1.3(0.0) Short Blades
 + Level 1.3(0.0) Long Blades
 + Level 1.3(0.0) Axes
 + Level 1.3(0.0) Maces & Flails
 + Level 1.3(0.0) Polearms
 + Level 1.3(0.0) Staves
 + Level 1.3(0.0) Slings
 + Level 1.3(0.0) Bows
 + Level 1.3(0.0) Crossbows
 + Level 4.7(3.0) Throwing
 + Level 1.3(0.0) Armour
 + Level 4.7(3.0) Dodging
 + Level 1.3(0.0) Stealth
 + Level 1.3(0.0) Shields
 + Level 1.3(0.0) Unarmed Combat
 + Level 3.1(1.4) Spellcasting
 + Level 1.1(0.0) Conjurations
 + Level 5.5(3.7) Hexes
 + Level 1.1(0.0) Charms
 + Level 1.1(0.0) Summonings
 + Level 1.1(0.0) Necromancy
 + Level 1.1(0.0) Translocations
 + Level 1.1(0.0) Transmutations
 + Level 1.1(0.0) Fire Magic
 + Level 1.1(0.0) Ice Magic
 + Level 1.1(0.0) Air Magic
 + Level 1.1(0.0) Earth Magic
 + Level 1.1(0.0) Poison Magic
 + Level 1.5(0.0) Invocations
 + Level 1.3(0.0) Evocations


You had 6 spell levels left.
You knew the following spells:

 Your Spells              Type           Power        Failure   Level  Hunger
a - Corona                Hex            ##.....      11%         1    ##.....
b - Portal Projectile     Hex/Tloc       #.....       56%         3    ####...


Dungeon Overview and Level Annotations

Branches:
Dungeon (4/15)
 Temple: D:4-7

Altars:

Annotations:
D:3 VanClaymore's ghost, amateur GrMo


Innate Abilities, Weirdness & Mutations

Your experience applies equally to all skills.
You have very sharp teeth.
Your uncanny sense of smell can sniff out nearby items.


Message History

2 arrows; 15 poisoned needles The centaur shoots an arrow.
The arrow closely misses you. The worker ant bites you.
You barely miss the centaur. You bite the centaur.
The centaur is lightly wounded.
The worker ant bites you but does no damage.
The centaur unwields an uncursed shortbow.
The centaur hits you but does no damage.
The worker ant misses you.
You riposte.
You hit the worker ant.
The worker ant is lightly wounded.
The centaur hits you.
* * * LOW HITPOINT WARNING * * *
You barely miss the centaur.
The centaur hits you but does no damage.
The worker ant bites you.
* * * LOW HITPOINT WARNING * * *
You hit the centaur.
The centaur is moderately wounded.
The centaur hits you!
You die...

#..........
#.#........
#.#####......#...
......."#...#####
.......<...(...#
##########...#.#
#..<.#.#.#.###..
#............
#.##.(.#@#......
#......ca#.....#
#..##.##.# ###..
#..... .... .
#.###. #..... #
.. #....... ##
#....... #.....c.
.......


You could see a centaur and a worker ant.

Vanquished Creatures
  A hound skeleton (D:3)
  5 adders
  2 worms (D:2)
  A dart slug (D:2)
  A leopard gecko (D:1)
  5 orcs (D:3)
  A giant cockroach (D:3)
  7 goblins
  4 hobgoblins
  7 jackals (D:2)
  3 quokkas (D:2)
  8 bats
  2 frilled lizards (D:2)
  11 kobolds
  6 rats
64 creatures vanquished.

Notes
Turn   | Place    | Note
-------+----------+-------------------------------------------
     0 | D:1      | Ivernyr the Gnoll Arcane Marksman began the quest for the Orb.
     0 | D:1      | Reached XP level 1. HP: 17/17 MP: 4/4
   464 | D:1      | Reached XP level 2. HP: 21/23 MP: 5/5
  1045 | D:2      | Reached XP level 3. HP: 10/28 MP: 5/7
  1760 | D:2      | Reached skill level 1 in Invocations
  2120 | D:2      | Reached skill level 1 in Short Blades
  2120 | D:2      | Reached skill level 1 in Long Blades
  2120 | D:2      | Reached skill level 1 in Axes
  2120 | D:2      | Reached skill level 1 in Maces & Flails
  2120 | D:2      | Reached skill level 1 in Polearms
  2120 | D:2      | Reached skill level 1 in Staves
  2120 | D:2      | Reached skill level 1 in Slings
  2120 | D:2      | Reached skill level 1 in Bows
  2120 | D:2      | Reached skill level 1 in Crossbows
  2120 | D:2      | Reached skill level 1 in Armour
  2120 | D:2      | Reached skill level 1 in Stealth
  2120 | D:2      | Reached skill level 1 in Shields
  2120 | D:2      | Reached skill level 1 in Unarmed Combat
  2120 | D:2      | Reached skill level 1 in Evocations
  2120 | D:2      | Reached XP level 4. HP: 13/34 MP: 5/8
  3112 | D:3      | Noticed VanClaymore's ghost (amateur GrMo)
  3574 | D:3      | Reached skill level 1 in Conjurations
  3574 | D:3      | Reached skill level 1 in Charms
  3574 | D:3      | Reached skill level 1 in Summonings
  3574 | D:3      | Reached skill level 1 in Necromancy
  3574 | D:3      | Reached skill level 1 in Translocations
  3574 | D:3      | Reached skill level 1 in Transmutations
  3574 | D:3      | Reached skill level 1 in Fire Magic
  3574 | D:3      | Reached skill level 1 in Ice Magic
  3574 | D:3      | Reached skill level 1 in Air Magic
  3574 | D:3      | Reached skill level 1 in Earth Magic
  3574 | D:3      | Reached skill level 1 in Poison Magic
  4017 | D:3      | Reached XP level 5. HP: 35/40 MP: 9/9
  4254 | D:3      | Learned a level 3 spell: Portal Projectile
  4313 | D:4      | Noticed a centaur
  4323 | D:4      | HP: 2/40 [worker ant (5)]
  4324 | D:4      | Slain by a centaur

Skill      XL: |  1  2  3  4 |
---------------+-------------+-----
Invocations    | 1 |  1.5
Short Blades   | 1 |  1.3
Long Blades    | 1 |  1.3
Axes           | 1 |  1.3
Maces & Flails | 1 |  1.3
Polearms       | 1 |  1.3
Staves         | 1 |  1.3
Slings         | 1 |  1.3
Bows           | 1 |  1.3
Crossbows      | 1 |  1.3
Armour         | 1 |  1.3
Stealth        | 1 |  1.3
Shields        | 1 |  1.3
Unarmed Combat | 1 |  1.3
Evocations     | 1 |  1.3
Spellcasting   | 3 |  3.1
Conjurations   | 1 |  1.1
Charms         | 1 |  1.1
Summonings     | 1 |  1.1
Necromancy     | 1 |  1.1
Translocations | 1 |  1.1
Transmutations | 1 |  1.1
Fire Magic     | 1 |  1.1
Ice Magic      | 1 |  1.1
Air Magic      | 1 |  1.1
Earth Magic    | 1 |  1.1
Poison Magic   | 1 |  1.1
Fighting       | |  2.9
Throwing       | |  4.7
Dodging        | |  4.7
Hexes          | |  5.5

Action                   |  1- 3 |  4- 6 || total
-------------------------+-------+-------++-------
Melee: Unarmed           |    33 |       ||    33
       Dagger            |   173 |   138 ||   311
       Bite              |    25 |    18 ||    43
       Falchion          |       |     3 ||     3
Throw: Javelin           |     8 |     7 ||    15
       Throwing net      |     2 |       ||     2
 Cast: Corona            |    16 |     4 ||    20
  Use: Potion            |     2 |       ||     2
       Scroll            |       |     6 ||     6
 Stab: Sleeping          |     1 |     3 ||     4
  Eat: Chunk             |     3 |     8 ||    11
Armor: Robe              |    33 |     2 ||    35
       Scale mail        |       |    41 ||    41
       Ring mail         |       |     3 ||     3
Dodge: Dodged            |   169 |    87 ||   256
       Rpst.: Falchion   |       |     1 ||     1
